 Dungeon Crawl Stone Soup version 0.29.1-13-g9f3cf754e1 (webtiles) character file.

Game seed: 3387915549340464425

43336 Gabide the Bludgeoner (level 14, 0/118 HPs)
             Began as a Formicid Berserker on Jan 30, 2023.
             Was an Elder of Trog.
             Killed from afar by an electric eel (7 damage)
             ... with a bolt of electricity
             ... in a bailey.
             The game lasted 00:29:03 (17444 turns).

Gabide the Bludgeoner (Formicid Berserker)         Turns: 17444, Time: 00:29:03

Health: 0/118      AC: 27    Str: 25    XL:     14   Next: 60%
Magic:  14/14      EV: 11    Int:  9    God:    Trog [****..]
Gold:   929        SH:  0    Dex: 13    Spells: 13/13 levels left

rFire   . . .      SeeInvis +   p - +0 giant spiked club
rCold   + + .      Faith    .   (shield currently unavailable)
rNeg    . . .      Spirit   .   h - +7 plate armour of Dull Intercession {rC+ Regen+}
rPois   .          Reflect  .   (helmet unavailable)
rElec   .          Harm     .   c - +1 cloak {rC+}
rCorr   +          Rampage  .   H - +0 pair of gloves
Will    +++..                   e - +2 pair of boots
Stlth   ..........              (no amulet)
HPRegen 2.09/turn               i - ring of resist corrosion
MPRegen 0.14/turn               E - ring of flight

@: strong-willed, flying, regenerating
A: permanent stasis, dig shafts and tunnels, antennae 3, four strong arms
a: Dig, Renounce Religion, Trog's Hand, Brothers in Arms


You were in a bailey.
You worshipped Trog.
Trog was greatly pleased with you.
You visited 2 branches of the dungeon, and saw 14 of its levels.
You also visited: Bailey and Ice Cave.

You collected 929 gold pieces.

Inventory:

Hand Weapons
 b - the +4 mace of Enkeroick {holy, rF+ Will+ Int+4 Stlth+}
   (You found it on level 4 of the Dungeon)

   It has been blessed by the Shining One to cause great damage to the undead
   and demons.
   Int:       It affects your intelligence (+4).
   rF:        It protects you from fire.
   Will:      It increases your willpower.
   Stlth:     It makes you more stealthy.
 p - a +0 giant spiked club (weapon)
Missiles
 d - 4 curare-tipped darts
 l - 3 atropa-tipped darts
 q - 7 boomerangs (quivered)
 v - a throwing net
 z - 6 boomerangs of dispersal
Armour
 c - a +1 cloak of cold resistance (worn)
 e - a +2 pair of boots (worn)
 h - the +7 plate armour of Dull Intercession (worn) {rC+ Regen+}
   (You found it in an ice cave)

   rC:        It protects you from cold.
   Regen:     It increases your rate of health regeneration.
 w - a +1 ring mail of cold resistance
 H - a +0 pair of gloves (worn)
Jewellery
 i - a ring of resist corrosion (left hand)
 E - a ring of flight (right hand)
Wands
 a - a wand of iceblast (4)
 g - a wand of digging (13)
 n - a wand of mindburst (23)
 B - a wand of flame (23)
 C - a wand of paralysis (4)
 F - a wand of acid (6)
Scrolls
 j - a scroll of fear
 k - a scroll of enchant weapon
 o - a scroll of summoning
 r - 5 scrolls of vulnerability
 t - a scroll of immolation
 y - 2 scrolls of poison
 D - a scroll of acquirement
Potions
 f - a potion of cancellation
 m - 2 potions of attraction
 s - 2 potions of mutation
 u - a potion of magic
 x - 3 potions of lignification
 G - a potion of might


   Skills:
 + Level 13.4 Fighting
 * Level 16.5 Maces & Flails
 - Level 8.0 Armour
 + Level 11.1 Dodging


You had 13 spell levels left.
You didn't know any spells.
Your spell library was empty.

Dungeon Overview and Level Annotations

Branches:
Dungeon (9/15)             Temple (0/1) D:6            Lair (5/5) D:8
  Swamp (0/4) Lair:3       Spider (0/4) Lair:3        Slime (0/5) Lair:5
    Orc (0/2) D:9          Bailey (1/1)               IceCv (visited)

Altars:
Ashenzari
Elyvilon
Fedhas
Makhleb
Sif Muna
Uskayaw
Wu Jian
Xom
Yredelemnul
The Shining One

Shops:
D:2 [

Annotations:
D:4 3 runed translucent doors, Zeus21348's ghost, amateur HOMo


Innate Abilities, Weirdness & Mutations

You cannot be hasted, slowed, berserked, paralysed or teleported.
You can dig through walls and to a lower floor.
You have a pair of large antennae on your head. (SInv)
Your four strong arms can wield two-handed weapons with a shield.


Message History

You closely miss the electric eel.
The electric eel is lightly wounded.
The electric eel shoots out a bolt of lightning at you!
The bolt of electricity hits you. The bolt of electricity hits you!
* * * LOW HITPOINT WARNING * * *
The bolt of electricity hits the electric eel.
The electric eel completely resists.
The electric eel shoots out a bolt of lightning at you!
The bolt of electricity hits you.
* * * LOW HITPOINT WARNING * * *
The bolt of electricity hits you!
* * * LOW HITPOINT WARNING * * *
The bolt of electricity hits the electric eel.
The electric eel completely resists.
Your skin crawls.
You feel strong-willed.
The electric eel shoots out a bolt of lightning at you!
The bolt of electricity hits you!
* * * LOW HITPOINT WARNING * * *
You feel better.
The electric eel shoots out a bolt of lightning at you!
The bolt of electricity hits you.
* * * LOW HITPOINT WARNING * * *
The bolt of electricity hits you.
* * * LOW HITPOINT WARNING * * *
The bolt of electricity hits the electric eel.
The electric eel completely resists.
Okay, then.
You barely miss the electric eel.
The electric eel is lightly wounded.
Your polar bear goes berserk!
Trog will no longer gift you weapons.
The electric eel shoots out a bolt of lightning at you!
The bolt of electricity hits you!
* * * LOW HITPOINT WARNING * * *
You miss the electric eel.
The electric eel is lightly wounded.
The electric eel shoots out a bolt of lightning at you!
The bolt of electricity hits you!
You die...

.# #######.~≈≈≈≈≈# .#
#..#.~≈≈≈≈≈# .#
#??#.†≈≈≈≈≈#
+?:#))≈≈≈≈≈#
##########.#≈≈≈≈≈#
+.....#)...#≈≈≈≈≈#
#.....'))..#≈≈≈≈≈#
##########..#+#≈≈≈≈≈#
.......@.'..# ≈≈≈≈#
~~~~~~ShS#### ≈≈≈#
≈≈≈≈≈≈≈≈≈≈≈≈≈≈≈≈
≈≈≈≈≈≈≈≈≈≈≈≈≈≈≈≈
≈≈≈≈≈≈≈≈≈≈≈≈≈≈≈≈
≈≈≈≈≈≈≈≈≈≈≈≈≈≈≈≈
≈≈≈≈≈≈≈≈≈≈≈≈≈≈≈≈
≈≈≈≈≈≈≈≈≈≈≈≈≈≈≈≈
≈≈≈≈≈≈≈≈≈≈≈≈≈≈≈


You could see 2 electric eels and a friendly polar bear (summoned, berserk).

Vanquished Creatures
  A dire elephant (Lair:5)
  2 boulder beetles (Lair:5)
  6 hydras
  A spectral dire elephant (Lair:5)
  3 death yaks (Lair:5)
  Sonja (Lair:4)
  A spectral anaconda (Lair:5)
  A lindwurm (Lair:5)
  3 necromancers (Lair:5)
  An ugly thing (IceCv)
  An obsidian statue (Lair:5)
  2 oklob plants
  4 elephants (Lair:5)
  2 ice statues (IceCv)
  9 black mambas
  15 cane toads
  A dire elephant skeleton (Lair:5)
  A freezing wraith (IceCv)
  2 rime drakes
  9 komodo dragons
  16 blink frogs
  2 spectral elephants (Lair:5)
  A tyrant leech (Lair:3)
  Sigmund (D:5)
  2 wyverns
  32 yaks
  3 humans (D:7)
  4 death yak simulacra
  4 basilisks
  3 vampire mosquitoes (D:7)
  A swamp worm (Lair:3)
  Menkaure (D:4)
  3 spectral cane toads (Lair:5)
  7 water moccasins
  3 ice beasts
  8 orc warriors
  12 wolves
  2 elephant zombies (Lair:5)
  3 elephant skeletons (Lair:5)
  3 ogres
  2 phantoms (D:5)
  4 kobold brigands
  Blork the orc (D:5)
  10 bullfrogs
  3 necrophages
  3 scorpions
  9 wights
  2 elephant simulacra (Lair:5)
  2 howler monkeys
  3 electric eels (Bailey)
  2 jellies
  3 gnoll boudas
  An orc priest (D:8)
  4 hounds
  Ijyb (D:4)
  5 orc wizards
  3 wolf simulacra (IceCv)
  14 gnolls
  7 adders
  A shadow imp (D:6)
  A white imp (D:7)
  A worm (D:4)
  4 dart slugs
  22 orcs
  3 ball pythons
  8 endoplasms
  7 giant cockroaches
  8 goblins
  9 hobgoblins
  2 jackals (D:5)
  4 quokkas
  4 bats
  4 frilled lizards
  24 kobolds
  2 rats
360 creatures vanquished.

Vanquished Creatures (collateral kills)
  A dire elephant (Lair:5)
  A hydra (Lair:5)
2 creatures vanquished.

Vanquished Creatures (others)
  2 goblins (Bailey)
  41 fungi
  41 plants
  20 withered plants (Lair:5)
104 creatures vanquished.

Grand Total: 466 creatures vanquished

Notes
Turn   | Place    | Note
-------+----------+-------------------------------------------
     0 | D:1      | Gabide the Formicid Berserker began the quest for the Orb.
     0 | D:1      | Reached XP level 1. HP: 18/18 MP: 1/1
   315 | D:1      | Reached XP level 2. HP: 24/24 MP: 2/2
   817 | D:1      | Reached XP level 3. HP: 26/29 MP: 3/3
  1220 | D:2      | Found Bocsiblo's Antique Armour Emporium.
  1577 | D:2      | Reached XP level 4. HP: 23/37 MP: 4/4
  1945 | D:2      | Reached skill level 4 in Maces & Flails
  2007 | D:3      | Reached ** piety under Trog
  2156 | D:3      | Found a white marble altar of Elyvilon.
  2361 | D:2      | Reached XP level 5. HP: 34/42 MP: 5/5
  2679 | D:3      | Found a shimmering altar of Xom.
  3267 | D:4      | Noticed Edmund
  3477 | D:4      | Found a hide-covered altar of Uskayaw.
  3479 | D:4      | Found a burning altar of Makhleb.
  3482 | D:4      | Found an ornate altar of the Wu Jian Council.
  3526 | D:4      | Noticed Ijyb
  3578 | D:4      | Killed Ijyb
  3773 | D:4      | Noticed Edmund
  3773 | D:4      | Edmund changed into Edmund the worm
  3778 | D:4      | Killed Edmund the worm
  3779 | D:4      | Reached XP level 6. HP: 49/49 MP: 6/6
  3905 | D:4      | Noticed Menkaure
  3912 | D:4      | Killed Menkaure
  3913 | D:4      | Reached skill level 5 in Maces & Flails
  3960 | D:4      | Found a basalt altar of Yredelemnul.
  4007 | D:4      | Reached XP level 7. HP: 6/55 MP: 7/7
  4506 | D:4      | Identified the +4 mace of Enkeroick {holy, rF+ Will+ Int+4
                  | Stlth+}
  4586 | D:4      | Found a runed translucent gate.
  4587 | D:4      | Found a runed translucent gate.
  4588 | D:4      | Found a runed translucent gate.
  4588 | D:4      | Noticed Zeus21348's ghost (amateur HOMo)
  4873 | D:4      | Reached skill level 5 in Fighting
  4956 | D:5      | Entered Level 5 of the Dungeon
  4962 | D:5      | Reached skill level 6 in Maces & Flails
  5139 | D:5      | Noticed Sigmund
  5146 | D:5      | Killed Sigmund
  5155 | D:5      | Reached XP level 8. HP: 63/63 MP: 8/8
  5406 | D:5      | Found a broken altar of Ashenzari.
  5531 | D:5      | Reached skill level 7 in Maces & Flails
  5650 | D:5      | Noticed Blork the orc
  5665 | D:5      | Killed Blork the orc
  6566 | D:6      | Reached skill level 8 in Maces & Flails
  6566 | D:6      | Reached skill level 5 in Dodging
  6566 | D:6      | Reached XP level 9. HP: 29/71 MP: 9/9
  7461 | D:6      | Reached skill level 9 in Maces & Flails
  8090 | D:6      | Found a staircase to the Ecumenical Temple.
  8255 | D:7      | Identified the +7 bardiche "Eviscerator" {venom, rPois
                  | Dex+6}
  8778 | D:7      | Reached XP level 10. HP: 59/80 MP: 10/10
  8790 | D:7      | Reached skill level 10 in Maces & Flails
  8998 | D:7      | Found a shimmering blue altar of Sif Muna.
  9069 | D:7      | Reached *** piety under Trog
  9737 | D:7      | Found a glowing golden altar of the Shining One.
 10149 | D:8      | Found a staircase to the Lair.
 10523 | Lair:1   | Entered Level 1 of the Lair of Beasts
 10628 | Lair:1   | Found a frozen archway.
 10637 | IceCv    | Entered an ice cave
 10637 | IceCv    | Noticed a freezing wraith
 10645 | IceCv    | Killed a freezing wraith
 10646 | IceCv    | Reached skill level 11 in Maces & Flails
 10691 | IceCv    | Found a transporter.
 10695 | IceCv    | Noticed a white ugly thing
 10712 | IceCv    | Noticed an ice statue
 10712 | IceCv    | Noticed an ice statue
 10714 | IceCv    | Found a transporter.
 10736 | IceCv    | Killed a white ugly thing
 10744 | IceCv    | Killed an ice statue
 10757 | IceCv    | Killed an ice statue
 10758 | IceCv    | Reached XP level 11. HP: 30/89 MP: 11/11
 11000 | IceCv    | Identified the +7 plate armour of Dull Intercession {rC+
                  | Regen+}
 11264 | Lair:1   | Reached skill level 12 in Maces & Flails
 11275 | Lair:1   | Reached skill level 10 in Fighting
 11693 | Lair:2   | Found a blossoming altar of Fedhas.
 11718 | Lair:2   | Noticed an oklob plant
 11736 | Lair:2   | Killed an oklob plant
 11776 | Lair:2   | Reached skill level 5 in Armour
 11944 | Lair:2   | Reached **** piety under Trog
 12174 | Lair:2   | Reached XP level 12. HP: 75/97 MP: 12/12
 12866 | Lair:3   | Noticed a four-headed hydra
 12876 | Lair:3   | Killed a four-headed hydra
 13091 | Lair:3   | Found a hole to the Spider Nest.
 13404 | Lair:3   | Noticed a five-headed hydra
 13416 | Lair:3   | Killed a five-headed hydra
 13417 | Lair:3   | Reached skill level 13 in Maces & Flails
 13494 | Lair:3   | Noticed a seven-headed hydra
 13499 | Lair:3   | Killed a seven-headed hydra
 13535 | Lair:3   | Found a staircase to the Swamp.
 13821 | Lair:4   | Noticed a four-headed hydra
 13830 | Lair:4   | Killed a four-headed hydra
 13896 | Lair:4   | Noticed Sonja
 13903 | Lair:4   | Killed Sonja
 13909 | Lair:4   | HP: 4/100 [black mamba (10)]
 13980 | Lair:4   | Reached XP level 13. HP: 32/106 MP: 13/13
 14115 | Lair:4   | Reached skill level 14 in Maces & Flails
 14991 | Lair:5   | Entered Level 5 of the Lair of Beasts
 15230 | Lair:5   | Reached ***** piety under Trog
 15237 | Lair:5   | Reached skill level 10 in Dodging
 15255 | Lair:5   | Reached skill level 15 in Maces & Flails
 15277 | Lair:5   | Noticed an eight-headed hydra
 15279 | Lair:5   | Noticed a boulder beetle
 15304 | Lair:5   | Killed an eight-headed hydra
 15361 | Lair:5   | Killed a boulder beetle
 15444 | Lair:5   | Noticed a six-headed hydra
 15459 | Lair:5   | Noticed a boulder beetle
 15460 | Lair:5   | HP: 3/109 [black mamba (4)]
 15461 | Lair:5   | Killed a six-headed hydra
 15762 | Lair:5   | Reached XP level 14. HP: 91/116 MP: 14/14
 15821 | Lair:5   | Found a staircase to the Slime Pits.
 16075 | Lair:5   | Noticed a dire elephant
 16075 | Lair:5   | Noticed a dire elephant
 16219 | Lair:5   | Reached skill level 16 in Maces & Flails
 16448 | Lair:5   | Killed a dire elephant
 16458 | Lair:5   | Killed a dire elephant
 17200 | D:9      | Found a staircase to the Orcish Mines.
 17233 | D:9      | Found a flagged portal.
 17241 | Bailey   | Entered a bailey
 17439 | Bailey   | HP: 5/118 [electric eel/bolt of electricity (15)]
 17444 | Bailey   | Killed from afar by an electric eel

Illustrated notes

Levels and vault maps discovered:
D:1:      ncdulo_watergridlock, layout_basic
D:2:      layout_rooms, serial_shops, nicolae_shop_hallway_stairs
D:3:      layout_rooms, mainiacjoe_overflow_large_starburst
D:4:      layout_basic, yredelemnul_altar_generic, minitemple,
          biasface_ghost_orc_armoury, grunt_decor_cap, grunt_ministairs_1,
          nicolae_titane, uniq_edmund, uniq_ijyb, uniq_menkaure
D:5:      layout_basic, mainiacjoe_overflow_brackets, kennysheep_potato,
          uniq_sigmund, uniq_blork_the_orc
D:6:      minmay_inner_zag, layout_basic, temple_hall,
          kennysheep_generic_room_15
D:7:      layout_basic, tso_altar, led_sif_book, minmay_ruffians
D:8:      layout_cave_pools, lair_entry_dummy
D:9:      layout_loops_cross, zin_purify, enter_bailey_2
Lair:1:   layout_regular_city, portal_ice_cave_entry_pillars_2
Lair:2:   layout_regular_city, tgw_fedhas
Lair:3:   layout_chaotic_city, palyth_hydra_swamp_entry,
          spider_nest_entry_web_field
Lair:4:   layout_small_grid, grunt_megastairs_1, uniq_sonja
Lair:5:   due_jungle_book, layout_regular_city, slime_entry_1
Bailey:   bailey_axe_of_yendor_kennysheep, bailey

Skill      XL: |  1  2  3  4  5  6  7  8  9 10 11 12 13 14 |
---------------+-------------------------------------------+-----
Dodging        | 2 3 4 5 6 7 8 9 10 11 | 11.1
Maces & Flails | 4 5 6 8 9 11 12 13 15 16 | 16.5
Fighting       | 4 5 6 7 9 10 11 12 13 | 13.4
Armour         | 8 |  8.0

Action                   |  1- 3 |  4- 6 |  7- 9 | 10-12 | 13-15 || total
-------------------------+-------+-------+-------+-------+-------++-------
Melee: Mace              |    98 |   148 |     5 |       |       ||   251
       Unarmed           |       |    24 |       |       |       ||    24
       Punch             |       |     1 |     3 |       |       ||     4
       Flail             |       |    37 |    90 |       |       ||   127
       Giant spiked club |       |       |    60 |       |    54 ||   114
       Giant club        |       |       |    81 |   465 |   452 ||   998
Throw: Boomerang         |       |       |     6 |    18 |     1 ||    25
       Dart              |       |       |       |       |     1 ||     1
Invok: Trog's Hand       |       |     8 |     4 |     3 |     6 ||    21
       Brothers in Arms  |       |       |       |       |     3 ||     3
 Abil: Dig               |       |     4 |       |       |       ||     4
Evoke: Wand              |       |     1 |     8 |    13 |     1 ||    23
  Use: Potion            |     1 |     2 |       |     8 |     8 ||    19
       Scroll            |       |     6 |     8 |    12 |     7 ||    33
 Stab: Paralysed         |       |       |     6 |     4 |       ||    10
       Invisible         |       |       |       |     4 |     1 ||     5
Armor: Leather armour    |    31 |       |       |       |       ||    31
       Animal skin       |     3 |       |       |       |       ||     3
       Scale mail        |       |    89 |   133 |    57 |       ||   279
       Ring mail         |       |       |       |    35 |       ||    35
       Plate armour      |       |       |       |   291 |   333 ||   624
Dodge: Dodged            |    84 |   121 |   199 |   377 |   298 ||  1079
